 Dungeon Crawl Stone Soup version 0.30.1-11-g7821555f0a (webtiles) character file.

Game seed: 11086714851167192525

18 redo the Scratcher (level 2, 0/12 HPs)
             Began as a Felid Transmuter on Dec 8, 2023.
             Slain by a hobgoblin (1 damage)
             ... led by Robin
             ... on level 2 of the Dungeon.
             The game lasted 00:15:11 (416 turns).

redo the Scratcher (Felid Transmuter)                Turns: 416, Time: 00:15:12

Health: 0/12       AC:  1    Str:  6    XL:     2   Next: 48%
Magic:  5/6        EV: 17    Int: 14    God:
Gold:   12         SH:  0    Dex: 16    Spells: 4/5 levels left
                                        Lives:  0   Deaths: 0

rFire   . .          .
                       - Unarmed
rCold   . . .        (shield unavailable)
rNeg    . . .        (body armour unavailable)
rPois   .            (helmet unavailable)
rElec   .            (cloak unavailable)
rCorr   .            (gloves unavailable)
SInv    +            (boots unavailable)
Will    .....        (no amulet)
Stlth   ++           (no ring)
HPRegen 0.22/turn    (no ring)
MPRegen 0.10/turn

%: no passive effects
@: appendages (expiring), quick
A: horns 2, very small, claws 1, fangs 3, see invisible, speed 1, shaggy fur 1,
stealthy paws, no weapons or thrown items, no armour, multi-lived
a: End Transformation


You were on level 2 of the Dungeon.
You had temporarily grown beastly horns.
You visited 1 branch of the dungeon, and saw 2 of its levels.

You collected 12 gold pieces.

Inventory:

Scrolls
 c - 2 scrolls of enchant weapon
Potions
 a - a potion of lignification
 b - a potion of heal wounds {unknown}


   Skills:
 + Level 1.3 Fighting
 + Level 3.0 Dodging
 + Level 0.6 Stealth
 + Level 3.2 Unarmed Combat
 + Level 2.2 Spellcasting
 + Level 2.4 Transmutations


You had 4 spell levels left.
You knew the following spells:

 Your Spells              Type           Power      Damage    Failure   Level
a - Beastly Appendage     Tmut           16%        N/A       9%          1

Your spell library contained the following spells:

 Spells                   Type           Power      Damage    Failure   Level
 Wereblood                Tmut           8%         N/A       13%         2
 Spider Form              Tmut/Pois      4%         N/A       38%         3
 Ice Form                 Ice/Tmut       4%         N/A       80%         4


Dungeon Overview and Level Annotations

Branches:
Dungeon (2/15)

Altars:

Shops:
D:1 =*

Annotations:
D:2 Robin


Innate Abilities, Weirdness & Mutations

You have temporarily grown beastly horns.
You have sharp claws.
You have razor-sharp teeth.
You have supernaturally acute eyesight. (SInv)
You cover ground quickly. (Speed+)
You are covered in fur. (AC +1)
Your paws help you pounce on unaware monsters.
You are incapable of wielding weapons or throwing items.
You cannot wear armour.
You gain extra lives every three experience levels.


Message History

Found a faded altar of an unknown god.
c - 3 scrolls labelled BODUCZ WAFOCAHEP
As you read the scroll labelled BODUCZ WAFOCAHEP, it crumbles to dust.
It is a scroll of enchant weapon.
You aren't carrying any weapons that can be enchanted.
Okay, then.
There is a stone staircase leading down here.
There is a stone staircase leading down here.
You can't go up here!
You climb downwards.
There is a stone staircase leading up here.
You closely miss the rat. The rat bites you.
You closely miss the rat. You claw the rat, but do no damage.
Your bite misses the rat. The rat barely misses you.
You scratch the rat.
You kill the rat!
Casting: Beastly Appendage (safe; 9% risk of failure)
Press: ? - help, Q - select action Dir - look around, f - activate You grow a pair of large bovine horns.
Robin, 2 goblins and a hobgoblin come into view.
Found an escape hatch in the floor.
A goblin comes into view. It is wielding a +0 dagger.
The goblin shouts!
You hear a shout!
The goblin shouts!
The hobgoblin shouts!
Robin roars a battlecry!
The goblins go into a battle-frenzy!
You hear a shout!
Your transformation is almost over.
Robin throws the goblin at you! The hobgoblin hits you.
The goblin hits you with a +0 dagger.
Ouch! That really hurt!
* * * LOW HITPOINT WARNING * * *
You scratch the goblin.
The goblin is moderately wounded.
The goblin completely misses you. The goblin closely misses you.
The hobgoblin closely misses you.
You scratch the goblin. You headbutt the goblin.
You kill the goblin!
The hobgoblin hits you.
You die...

### #. ..#
#. #.# #.
# #g# #.
#.##>###
#.
#..ggg.#
#. #@#
#.######)#
#.<......#
##########


You could see Robin, a hobgoblin (strong) and 2 goblins.

Vanquished Creatures
  A dart slug (D:1)
  3 ball pythons (D:1)
  A bat (D:1)
  A giant cockroach (D:1)
  2 goblins
  3 hobgoblins (D:1)
  2 kobolds (D:1)
  3 rats
16 creatures vanquished.

Notes
Turn   | Place    | Note
-------+----------+-------------------------------------------
     0 | D:1      | redo the Felid Transmuter began the quest for the Orb.
     0 | D:1      | Reached XP level 1. HP: 9/9 MP: 4/4
   158 | D:1      | Found Digrumeo's Jewellery Shoppe.
   186 | D:1      | Reached XP level 2. HP: 12/12 MP: 6/6
   280 | D:1      | Found Ifenabb's General Store.
   380 | D:1      | Found a faded altar of an unknown god.
   411 | D:2      | Noticed Robin
   416 | D:2      | Slain by a hobgoblin

Illustrated notes

Levels and vault maps discovered:
D:1:      dpeg_arrival_arbitrary_c, layout_loops_ring, serial_shops, shop, shop,
          shop, nicolae_shop_advertising_works [nicolae_subvault_shop_adworks],
          nicolae_shop_rolling_square, hellmonk_ecumenical_altar_zigzags,
          minmay_misc_feat_encased
D:2:      layout_loops_corners, serial_shops, nicolae_shop_getting_attention,
          minmay_quantized, uniq_robin

Skill      XL: |  1  2 |
---------------+-------+-----
Dodging        | 3 |  3.0
Fighting       | |  1.3
Stealth        | |  0.6
Unarmed Combat | |  3.2
Spellcasting   | |  2.2
Transmutations | |  2.4

Action                     || total
---------------------------++-------
  Melee: Unarmed           ||    28
         Punch             ||     2
         Headbutt          ||     2
   Cast: Beastly Appendage ||     4
    Use: Scroll            ||     3
  Dodge: Dodged            ||    20
